 Dungeon Crawl Stone Soup version 0.29-a0-338-g1ff7896281 (webtiles) character file.

Game seed: 14498253098306680730

581 Dauddaud the Cleaver (level 7, -1/57 HPs)
             Began as a Minotaur Berserker on Apr 19, 2022.
             Was a Priest of Trog.
             Killed from afar by Dowan (15 damage)
             ... with a shard of ice
             ... on level 4 of the Dungeon.
             The game lasted 00:07:08 (2411 turns).

Dauddaud the Cleaver (Minotaur Berserker)           Turns: 2411, Time: 00:07:09

Health: -1/57      AC:  8    Str: 23    XL:     7   Next: 14%
Magic:  6/6        EV: 11    Int:  4    God:    Trog [***...]
Gold:   263        SH:  0    Dex: 10    Spells: 6/6 levels left

rFire   . . .      SeeInvis .   v - +1 hand axe (vamp)
rCold   . . .      Faith    .   (no shield)
rNeg    . . .      Spirit   .   e - +0 ring mail
rPois   .          Reflect  .   (helmet restricted)
rElec   .          Harm     .   h - +1 cloak
rCorr   .          Rampage  .   p - +0 pair of gloves
Will    .....                   (no boots)
Stlth   ..........              (no amulet)
HPRegen 0.19/turn               (no ring)
MPRegen 0.10/turn               (no ring)

@: on berserk cooldown, slowed, very slow
A: horns 2, retaliatory headbutt
a: Renounce Religion, Berserk, Trog's Hand


You were on level 4 of the Dungeon.
You worshipped Trog.
Trog was most pleased with you.
You visited 1 branch of the dungeon, and saw 4 of its levels.

You collected 263 gold pieces.

Inventory:

Hand Weapons
 a - a +0 hand axe
 v - a +1 vampiric hand axe (weapon)
Armour
 b - a +0 animal skin
 e - a +0 ring mail (worn)
 h - a +1 cloak (worn)
 p - a +0 pair of gloves (worn)
Wands
 x - a wand of flame (12)
Scrolls
 c - 2 scrolls of enchant weapon {unknown}
 f - 3 scrolls of teleportation {unknown}
 i - a scroll of identify {unknown}
 j - 2 scrolls of silence {unknown}
 l - a scroll of enchant armour {unknown}
 q - 2 scrolls of blinking {unknown}
 r - a scroll of summoning {unknown}
 t - a scroll of fear {unknown}
 w - a scroll of immolation {unknown}
Potions
 d - 2 potions of berserk rage {unknown}
 g - 2 potions of invisibility {unknown}
 k - a potion of heal wounds {unknown}
 m - a potion of ambrosia {unknown}
 n - a potion of lignification {unknown}
 o - a potion of mutation {unknown}
 s - a potion of degeneration {unknown}
 u - a potion of flight {unknown}


   Skills:
 - Level 3.6 Fighting
 + Level 9.9 Axes
 - Level 2.4 Armour
 - Level 2.1 Dodging


You had 6 spell levels left.
You didn't know any spells.
Your spell library was empty.

Dungeon Overview and Level Annotations

Branches:
Dungeon (4/15)
 Temple: D:4-7

Altars:
Elyvilon
Gozag
Hepliaklqana
Vehumet
The Shining One

Annotations:
D:4 Dowan


Innate Abilities, Weirdness & Mutations

You have a pair of horns on your head.
You reflexively headbutt those who attack you in melee.


Message History

Duvessa is moderately wounded.
You hit the scorpion but do no damage.
Duvessa says, "Where magic fails, the sword succeeds!"
Duvessa hits you with a +4 short sword of speed.
The scorpion stings you but does no damage.
You barely miss Duvessa.
Duvessa is moderately wounded.
You closely miss the scorpion.
Duvessa hits you with a +4 short sword of speed!
Duvessa zaps a wand.
The puff of flame misses you. The scorpion stings you.
A red film seems to cover your vision as you go berserk!
You feel yourself moving faster!
You feel mighty! Duvessa misses you. The scorpion barely misses you.
You furiously retaliate!
You headbutt the scorpion. Duvessa closely misses you.
You slash Duvessa! You headbutt Duvessa!
You kill Duvessa!
Trog accepts your kill.
You hear a distant wail of despair.
You hit the scorpion.
You feel better.
The scorpion stings you but does no damage.
You have reached level 7!
You slash the scorpion!
You kill the scorpion!
Trog accepts your kill.
You see here a scorpion corpse.
You feel a strong urge to attack something.
x - a wand of flame (12)
Things that are here:
a +4 short sword of speed; a +0 leather armour Dowan seems to find hidden reserves of power!
Dowan gestures at you while chanting. The shard of ice hits you!
* * * LOW HITPOINT WARNING * * *
Things that are here:
a +3 dagger; 2 stones You feel your anger nearly subside.
You are no longer berserk.
You are exhausted.
You feel yourself slow down.
Dowan points at you and mumbles some strange words.
The shard of ice hits you!
You die...

...... ...#.. .. #...#
.=....##.....##.###...#
...... ........##.....#
......# #..##......#..#
....... #....#>....##.##
.......##...###........#
... #.)#.....#.........
.....##†)..#............
.......@.###..#.......#.
......e..# ##........###
..###...## ##........#.
#....#.###...........
............_.........
......#.##†...........#
......# # #.###..##....#
...... ... ....#.....
#### .....#.....


You could see Dowan (fast).

Vanquished Creatures
  Duvessa (D:4)
  2 ogres (D:4)
  A scorpion (D:4)
  A hound (D:4)
  An orc priest (D:3)
  2 iguanas
  An orc wizard (D:4)
  A gnoll (D:1)
  3 adders
  A worm (D:2)
  A dart slug (D:4)
  8 orcs
  12 ball pythons
  4 bats
  7 endoplasms
  3 giant cockroaches
  3 hobgoblins
  2 jackals (D:1)
  7 kobolds
  4 quokkas
  4 frilled lizards
  10 goblins
  2 rats (D:1)
81 creatures vanquished.

Notes
Turn   | Place    | Note
-------+----------+-------------------------------------------
     0 | D:1      | Dauddaud the Minotaur Berserker began the quest for the
                  | Orb.
     0 | D:1      | Reached XP level 1. HP: 19/19 MP: 0/0
   252 | D:1      | Reached skill level 4 in Axes
   291 | D:1      | Reached XP level 2. HP: 26/26 MP: 1/1
   464 | D:1      | Reached skill level 5 in Axes
   534 | D:1      | Reached XP level 3. HP: 31/31 MP: 2/2
   580 | D:1      | Reached ** piety under Trog
  1347 | D:2      | Reached skill level 6 in Axes
  1347 | D:2      | Reached XP level 4. HP: 39/39 MP: 3/3
  1737 | D:3      | Found a white marble altar of Elyvilon.
  1841 | D:3      | Reached skill level 7 in Axes
  1841 | D:3      | Reached XP level 5. HP: 45/45 MP: 4/4
  1852 | D:3      | Found a glowing golden altar of the Shining One.
  2096 | D:4      | Reached *** piety under Trog
  2104 | D:4      | Noticed an ogre
  2114 | D:4      | Killed an ogre
  2115 | D:4      | Reached skill level 8 in Axes
  2115 | D:4      | Reached XP level 6. HP: 43/51 MP: 5/5
  2239 | D:4      | Found a radiant altar of Vehumet.
  2276 | D:4      | Reached skill level 9 in Axes
  2329 | D:4      | Found a hazy altar of Hepliaklqana.
  2353 | D:4      | Found an opulent altar of Gozag.
  2392 | D:4      | Noticed Duvessa
  2399 | D:4      | Noticed Dowan
  2405 | D:4      | Killed Duvessa
  2406 | D:4      | Reached XP level 7. HP: 37/57 MP: 6/6
  2411 | D:4      | Killed from afar by Dowan

Illustrated notes

Levels and vault maps discovered:
D:1:      onia_arrival_mini_spirals, layout_rooms
D:2:      layout_rooms
D:3:      cheibrodos_pilgrimage, layout_rooms, old_standard_altar,
          lemuel_doored_altar, serial_park_tiny_pond
D:4:      layout_cave_pools, mainiacjoe_overflow_small_starburst,
          kennysheep_mini_moat, lemuel_mausoleum_altar_yredelemnul,
          nicolae_gozag_seed_capital, minmay_temple_entry_from_below_a,
          uniq_duvessa

Skill      XL: |  1  2  3  4  5  6 |
---------------+-------------------+-----
Axes           | 4 5 6 7 8 9 |  9.9
Fighting       | |  3.6
Armour         | |  2.4
Dodging        | |  2.1

Action                   |  1- 3 |  4- 6 |  7- 9 || total
-------------------------+-------+-------+-------++-------
Melee: Hand axe          |    90 |    75 |     1 ||   166
       Headbutt          |     8 |    12 |       ||    20
       Punch             |     1 |     1 |       ||     2
Invok: Berserk           |       |     2 |       ||     2
Armor: Animal skin       |     3 |       |       ||     3
       Ring mail         |    34 |    37 |       ||    71
Dodge: Dodged            |    55 |    59 |       ||   114

Table legend: (Time is in decaauts)
 A = Elapsed time spent in this place.
 B = Non-inter-level travel time spent in this place.
 C = Inter-level travel time spent in this place.
 D = Time resting spent in this place.
 E = Time spent auto-exploring this place.
 F = Levels seen in this place.
 G = Mean time per level.
                   A        B        C        D        E       F      G
               +--------+--------+--------+--------+--------+-----+--------+
         Total |   2415 |   2362 |     53 |    387 |   1520 |   4 |  603.8 |
       Dungeon |   2415 |   2362 |     53 |    387 |   1520 |   4 |  603.8 |
               +--------+--------+--------+--------+--------+-----+--------+

Top non-repeatable levels by time:
     D:1: 761 daAuts
     D:2: 689 daAuts
     D:3: 638 daAuts
     D:4: 325 daAuts
